[Event "24. Engiadina Open"]
[Site "?"]
[Date "2017.10.07"]
[Round "1.1"]
[White "Lenninger, Ralf"]
[Black "Wyss, Thomas"]
[Result "1/2-1/2"]
[ECO "A45"]
[WhiteElo "1915"]
[BlackElo "2251"]
[PlyCount "87"]
[EventDate "2017.??.??"]
[TimeControl "6000+730"]
[WhiteClock "0:18:00"]
[BlackClock "0:33:07"]

1. d4 Nf6 2. Bf4 e6 3. e3 c5 4. c3 b6 5. Nf3 Bb7 6. Nbd2 cxd4 7. cxd4 Be7 8. h3
a6 9. Bd3 d6 10. Qe2 Nc6 11. O-O Nb4 12. Bb1 a5 13. Rc1 Ba6 14. Qd1 O-O 15. Ne4
Nfd5 16. a3 Nxf4 17. exf4 Nd5 18. g3 Qd7 19. Nfg5 g6 20. h4 Bb7 21. h5 Kg7 22.
Bd3 b5 23. Qe2 Bc6 24. Rc2 b4 25. Qf1 f5 26. h6+ Kg8 27. Nd2 Bf6 28. Nxe6 Rfc8
29. Ng5 Bxd4 30. Nb3 Bb6 31. Rac1 Nf6 32. Bb5 Bxb5 33. Rxc8+ Rxc8 34. Rxc8+
Qxc8 35. Qxb5 Qb7 36. Qe2 Ne4 37. Nxe4 fxe4 38. Qg4 Kf7 39. f5 Qd5 40. fxg6+
hxg6 41. Qd7+ Kf6 42. h7 Qd1+ 43. Kh2 Qh5+ 44. Kg1 1/2-1/2

[Event "24. Engiadina Open"]
[Site "?"]
[Date "2017.10.07"]
[Round "1.2"]
[White "Rausch, Stephan"]
[Black "Frehner, Walter"]
[Result "1-0"]
[ECO "D03"]
[WhiteElo "2229"]
[BlackElo "1914"]
[PlyCount "50"]
[EventDate "2017.??.??"]
[TimeControl "6000+595"]
[WhiteClock "0:44:32"]
[BlackClock "0:49:48"]

1. d4 d5 2. Nf3 Nf6 3. Bg5 e6 4. e3 Be7 5. Nbd2 O-O 6. Bd3 Nbd7 7. O-O c5 8. c3
h6 9. Bh4 a6 10. Ne5 Bd6 11. f4 Qb6 12. Rf2 c4 13. Bf1 Qc7 14. g4 b5 15. Bg3
Ne4 16. Nxe4 dxe4 17. h4 Nxe5 18. fxe5 Be7 19. Bg2 Bb7 20. Kh2 g5 21. Qh1 Qc6
22. Kg1 Kg7 23. Raf1 Bd8 24. hxg5 hxg5 25. Rf6 Rh8 1-0

[Event "24. Engiadina Open"]
[Site "?"]
[Date "2017.10.07"]
[Round "1.3"]
[White "Göttin, Gerhard"]
[Black "Simon, Ralf-Axel"]
[Result "0-1"]
[ECO "B91"]
[WhiteElo "1910"]
[BlackElo "2214"]
[PlyCount "72"]
[EventDate "2017.??.??"]
[TimeControl "6000+1035"]
[WhiteClock "0:01:51"]
[BlackClock "0:02:59"]

1. e4 c5 2. Nf3 d6 3. d4 cxd4 4. Nxd4 Nf6 5. Nc3 a6 6. g3 e5 7. Nb3 Be6 8. Bg2
b5 9. O-O b4 10. Nd5 Nxd5 11. exd5 Bf5 12. Be3 Nd7 13. Rc1 a5 14. f4 h5 15.
fxe5 Bg4 16. Qe1 Nxe5 17. Nd4 Be7 18. Bf4 O-O 19. h3 Bd7 20. Kh1 Bf6 21. Qe2 g6
22. c4 bxc3 23. bxc3 Rc8 24. Nf3 Re8 25. Nxe5 Bxe5 26. Qf3 Qf6 27. Bxe5 Qxf3
28. Bxf3 Rxe5 29. g4 hxg4 30. hxg4 Bb5 31. Rf2 Re3 32. Rb1 Bd3 33. Rb6 Rxf3 34.
Rxf3 Be4 35. Kg2 Rxc3 36. Rb3 Bxf3+ {Rb1} 0-1

[Event "24. Engiadina Open"]
[Site "?"]
[Date "2017.10.07"]
[Round "1.4"]
[White "Fecker, Noah"]
[Black "Joller, Hans"]
[Result "1-0"]
[ECO "A05"]
[WhiteElo "2195"]
[BlackElo "1891"]
[PlyCount "88"]
[EventDate "2017.??.??"]
[TimeControl "6000+615"]
[WhiteClock "0:46:45"]
[BlackClock "0:59:07"]

1. Nf3 Nf6 2. c4 d5 3. cxd5 c6 4. dxc6 Nxc6 5. Nc3 e5 6. d3 e4 7. dxe4 Qxd1+ 8.
Nxd1 Nxe4 9. a3 Be7 10. e3 O-O 11. Nd2 Nc5 12. b4 Na4 13. Bb5 Bf6 14. Rb1 Nc3
15. Nxc3 Bxc3 16. Bxc6 bxc6 17. Bb2 Bxb2 18. Rxb2 a5 19. O-O axb4 20. axb4 Rd8
21. Rc1 Be6 22. h3 Rdc8 23. Ne4 f5 24. Nc5 Bd5 25. f3 Re8 26. Kf2 Ra3 27. Re2
Rb8 28. e4 fxe4 29. fxe4 Bf7 30. Rb2 Re8 31. Re1 Bc4 32. Re3 Ra1 33. Kg3 h6 34.
Rc2 Bb5 35. e5 Rb1 36. Re4 g5 37. Rd2 Kg7 38. Rd7+ Kg6 39. Rd6+ Kh7 40. e6 Kg7
41. e7 Rf1 42. Ne6+ Kf7 43. Nd8+ Kg7 44. Ree6 Rf6 1-0

[Event "24. Engiadina Open"]
[Site "?"]
[Date "2017.10.07"]
[Round "1.5"]
[White "Schaerer, Marc"]
[Black "Hugentobler, Patrik"]
[Result "1/2-1/2"]
[ECO "A05"]
[WhiteElo "1872"]
[BlackElo "2171"]
[PlyCount "66"]
[EventDate "2017.??.??"]
[TimeControl "6000+1120"]
[WhiteClock "0:45:24"]
[BlackClock "0:14:26"]

1. Nf3 Nf6 2. g3 d5 3. d4 e6 4. Bg2 Be7 5. O-O O-O 6. c4 c6 7. Nc3 b6 8. Bf4
Nh5 9. Bd2 Nf6 10. Rc1 a5 11. Ne5 Nfd7 12. Nxd7 Nxd7 13. Qa4 Ba6 14. cxd5 cxd5
15. Nb5 Nf6 16. Nc7 Bxe2 17. Rfe1 Rc8 18. Nxe6 fxe6 19. Rxc8 Qxc8 20. Rxe2 Kh8
21. Bf4 Ne4 22. Rc2 b5 23. Rxc8 bxa4 24. Rxf8+ Bxf8 25. Bh3 a3 26. bxa3 Bxa3
27. Bxe6 Nc3 28. Bd2 Bb2 29. Bxc3 Bxc3 30. Bxd5 Bxd4 31. a4 h6 32. Kf1 Kh7 33.
Ke2 Kg6 1/2-1/2

[Event "24. Engiadina Open"]
[Site "?"]
[Date "2017.10.07"]
[Round "1.6"]
[White "Eschmann, Patrick"]
[Black "Schweizer, Robert"]
[Result "1-0"]
[ECO "B30"]
[WhiteElo "2160"]
[BlackElo "1869"]
[PlyCount "55"]
[EventDate "2017.??.??"]
[TimeControl "6000+1675"]
[WhiteClock "0:14:01"]
[BlackClock "1:04:45"]

1. e4 c5 2. Nf3 Nc6 3. c3 d5 4. exd5 Qxd5 5. d4 e6 6. Be3 cxd4 7. cxd4 Nf6 8.
Nc3 Qd8 9. Bd3 Be7 10. O-O O-O 11. a3 a6 12. Qe2 b5 13. Rad1 Bb7 14. Bb1 Qc7
15. Rfe1 Rad8 16. Bg5 h6 17. Bc1 Na5 18. Ne5 Nc4 19. Rd3 Nd6 20. Rg3 Kh8 21.
Bxh6 gxh6 22. Qe3 Ng8 23. Rxg8+ Kxg8 24. Qxh6 Nf5 25. Bxf5 exf5 26. Re3 Rd6 27.
Rg3+ Rg6 28. Nxg6 1-0

[Event "24. Engiadina Open"]
[Site "?"]
[Date "2017.10.08"]
[Round "2.1"]
[White "Remensberger, Hansueli"]
[Black "Rausch, Stephan"]
[Result "0-1"]
[ECO "A06"]
[WhiteElo "2073"]
[BlackElo "2229"]
[PlyCount "82"]
[EventDate "2017.??.??"]
[TimeControl "6000+870"]
[WhiteClock "0:01:29"]
[BlackClock "0:19:20"]

1. Nf3 d5 2. g3 c6 3. Bg2 Bg4 4. O-O Nd7 5. h3 Bxf3 6. exf3 Ngf6 7. f4 g6 8. d3
Bg7 9. c4 O-O 10. Nc3 dxc4 11. dxc4 Nb6 12. Qe2 Re8 13. Rd1 Qc7 14. Be3 e6 15.
a4 Rad8 16. Rxd8 Rxd8 17. a5 Nc8 18. Qf3 a6 19. Qe2 Bf8 20. Qc2 Rd7 21. Ne2 Qd8
22. Qb3 Nh5 23. g4 Ng7 24. Ng3 Be7 25. Bf3 Ne8 26. Kg2 Nf6 27. h4 Bd6 28. g5
Ne8 29. h5 Bf8 30. hxg6 hxg6 31. Be4 Ned6 32. Bc2 Nf5 33. Ne4 Bg7 34. Nc5 Nxe3+
35. fxe3 Rd2+ 36. Kf3 Nd6 37. e4 e5 38. Rg1 exf4 39. Nd3 Nxe4 40. Nxf4 Rf2+ 41.
Kxe4 Qd4# 0-1

[Event "24. Engiadina Open"]
[Site "?"]
[Date "2017.10.08"]
[Round "2.2"]
[White "Simon, Ralf-Axel"]
[Black "Reiss, Siegfried"]
[Result "1-0"]
[ECO "A06"]
[WhiteElo "2214"]
[BlackElo "2088"]
[PlyCount "44"]
[EventDate "2017.??.??"]
[TimeControl "6000+1610"]
[WhiteClock "0:10:38"]
[BlackClock "0:10:27"]

1. Nf3 d5 2. e3 Nf6 3. c4 Nc6 4. cxd5 Nxd5 5. a3 e6 6. d4 Be7 7. e4 Nf6 8. Nc3
O-O 9. h3 a6 10. Be3 b5 11. Bd3 Bb7 12. O-O b4 13. Ne2 Re8 14. Qc2 h6 15. Rfd1
Bf8 16. Nd2 bxa3 17. bxa3 e5 18. d5 Na5 19. Rab1 Rb8 20. Qc3 c6 21. Bb6 Qd7 22.
Qxa5 Bc8 1-0

[Event "24. Engiadina Open"]
[Site "?"]
[Date "2017.10.08"]
[Round "2.3"]
[White "Arquint, Andri"]
[Black "Fecker, Noah"]
[Result "0-1"]
[ECO "A05"]
[WhiteElo "1967"]
[BlackElo "2195"]
[PlyCount "144"]
[EventDate "2017.??.??"]
[TimeControl "6000+1005"]
[WhiteClock "0:00:36"]
[BlackClock "0:04:17"]

1. Nf3 Nf6 2. g3 b5 3. a4 b4 4. Bg2 Bb7 5. c3 e6 6. O-O c5 7. cxb4 cxb4 8. d3
d5 9. Nbd2 Be7 10. b3 O-O 11. Bb2 Nbd7 12. Rc1 Qa5 13. Qc2 Rfc8 14. Qb1 Nc5 15.
Rc2 Qd8 16. Rfc1 Bd6 17. Qa1 Ne8 18. Bd4 Qe7 19. Qb2 f6 20. Bxc5 Bxc5 21. Bh3
Rc7 22. Nd4 Bxd4 23. Qxd4 Rxc2 24. Rxc2 Rc8 25. Rxc8 Bxc8 26. e4 dxe4 27. Nxe4
Kf8 28. Qc5 Qxc5 29. Nxc5 Ke7 30. d4 Nc7 31. f4 a5 32. Bg2 Na6 33. Nb7 Bxb7 34.
Bxb7 Nb8 35. Kf2 Kd6 36. Ke3 Nd7 37. g4 h6 38. Ke4 g6 39. Ba6 Nb6 40. f5 exf5+
41. gxf5 g5 42. Bb7 Kc7 43. Ba6 Kc6 44. Be2 Kd6 45. Bh5 Nd5 46. Bf7 Nf4 47. h4
Ne2 48. hxg5 hxg5 49. Kd3 Nf4+ 50. Ke4 Ke7 51. Bc4 Kd6 52. Bf7 Ne2 53. Kd3 Nc3
54. Bh5 Nd5 55. Bf3 Ne7 56. Be4 g4 57. Ke3 Nd5+ 58. Kf2 Nf4 59. Ke3 Nd5+ 60.
Kf2 Nc3 61. Bb7 Na2 62. Ba6 g3+ 63. Kxg3 Kd5 64. Kg4 Kxd4 65. Kh5 Ke5 66. Kg6
Nc3 67. Bc4 Nd1 68. Be6 Ne3 69. Bc8 Nc2 70. Be6 Nd4 71. Kf7 Nxf5 72. Bd7 Nd4
0-1

[Event "24. Engiadina Open"]
[Site "?"]
[Date "2017.10.08"]
[Round "2.4"]
[White "Hoecker, Horst"]
[Black "Eschmann, Patrick"]
[Result "0-1"]
[ECO "D33"]
[WhiteElo "1609"]
[BlackElo "2160"]
[PlyCount "46"]
[EventDate "2017.??.??"]
[TimeControl "6000+725"]
[WhiteClock "0:58:33"]
[BlackClock "0:44:13"]

1. c4 c5 2. Nc3 Nc6 3. Nf3 e6 4. g3 d5 5. cxd5 exd5 6. d4 Nf6 7. Bg2 Bg4 8.
dxc5 d4 9. Nb5 Qa5+ 10. Qd2 Qxb5 11. O-O Bxc5 12. h3 Bxf3 13. Bxf3 O-O 14. a3
Ne5 15. b4 Nxf3+ 16. exf3 Bb6 17. Bb2 Rfe8 18. a4 Qe2 19. Rad1 Qxf3 20. a5 Bc7
21. Bxd4 Rad8 22. Qc1 Bxg3 23. Bxf6 Bxf2+ 0-1

[Event "24. Engiadina Open"]
[Site "?"]
[Date "2017.10.08"]
[Round "2.5"]
[White "Schunk, Thomas"]
[Black "Müller, Werner"]
[Result "1-0"]
[ECO "A10"]
[WhiteElo "2111"]
[BlackElo "2062"]
[PlyCount "51"]
[EventDate "2017.??.??"]
[TimeControl "6000+805"]
[WhiteClock "0:59:56"]
[BlackClock "0:03:30"]

1. c4 g6 2. Nc3 c5 3. Nf3 Nc6 4. d4 cxd4 5. Nxd4 Nf6 6. e4 d6 7. Be2 Nxd4 8.
Qxd4 Bg7 9. O-O O-O 10. Qd2 Be6 11. Rb1 a6 12. a4 Rc8 13. b3 Qb6 14. Bb2 Nd7
15. Nd1 Bxb2 16. Rxb2 Qc6 17. f3 b6 18. Ne3 a5 19. Nc2 Qc5+ 20. Kh1 Qe5 21. Nd4
Nc5 22. Bd1 Bd7 23. Re1 Ne6 24. Ne2 Bc6 25. Nc3 Bb7 26. Nd5 1-0

[Event "24. Engiadina Open"]
[Site "?"]
[Date "2017.10.08"]
[Round "2.6"]
[White "Fecker, Sina"]
[Black "Remensberger, Paul"]
[Result "0-1"]
[ECO "C01"]
[WhiteElo "1426"]
[BlackElo "2111"]
[PlyCount "116"]
[EventDate "2017.??.??"]
[TimeControl "6000+880"]
[WhiteClock "0:44:36"]
[BlackClock "0:53:06"]

1. e4 e6 2. d4 d5 3. exd5 exd5 4. Nf3 Bd6 5. Bd3 Bg4 6. O-O Ne7 7. h3 Bh5 8.
Be3 Nbc6 9. Nc3 Qd7 10. Re1 O-O-O 11. Bb5 f6 12. Ba4 g5 13. Ne5 Qe8 14. Nxc6
Bxd1 15. Nxa7+ Kb8 16. Bxe8 Bxc2 17. Nab5 Rhxe8 18. Rec1 Bd3 19. a4 c6 20. Nxd6
Rxd6 21. b4 Nf5 22. Bd2 Nxd4 23. Rd1 Nb3 24. Ra2 Bc4 25. Rb2 Nxd2 26. Rdxd2 b5
27. a5 Rde6 28. Nd1 Re1+ 29. Kh2 R8e2 30. Rxe2 Rxe2 31. Rxe2 Bxe2 32. Ne3 d4
33. Nf5 d3 34. Ne3 d2 35. Kg3 d1=Q 36. Nxd1 Bxd1 37. f4 c5 38. bxc5 b4 39. fxg5
fxg5 40. c6 Kc7 41. a6 Kxc6 42. h4 b3 43. a7 Kb7 44. hxg5 b2 45. a8=Q+ Kxa8 46.
g6 hxg6 47. Kf4 b1=Q 48. Ke5 Kb7 49. Kd4 Kc6 50. Ke5 Qf5+ 51. Kd4 Qf4+ 52. Kc3
Kc5 53. Kd3 Bc2+ 54. Kc3 Qe3+ 55. Kb2 Kb4 56. g4 Qb3+ 57. Kc1 Kc3 58. g5 Qa3#
0-1

[Event "24. Engiadina Open"]
[Site "?"]
[Date "2017.10.09"]
[Round "3.1"]
[White "Eschmann, Patrick"]
[Black "Simon, Ralf-Axel"]
[Result "0-1"]
[ECO "B50"]
[WhiteElo "2160"]
[BlackElo "2214"]
[PlyCount "108"]
[EventDate "2017.??.??"]
[TimeControl "6000+2380"]
[WhiteClock "0:30:49"]
[BlackClock "0:02:35"]

1. e4 c5 2. Nf3 d6 3. c3 Nf6 4. Be2 g6 5. O-O Bg7 6. Re1 O-O 7. Bf1 Nc6 8. h3
e5 9. d4 cxd4 10. cxd4 exd4 11. Nxd4 Nxd4 12. Qxd4 Re8 13. Qd3 Bf5 14. Nc3 d5
15. Bg5 dxe4 16. Qxd8 Raxd8 17. g4 Be6 18. Nxe4 Nxe4 19. Bxd8 Nd2 20. Rxe6 fxe6
21. Ba5 Bxb2 22. Rd1 Nxf1 23. Kxf1 Bf6 24. Rd7 Re7 25. Rd8+ Kg7 26. Bb4 Rf7 27.
Rd3 Rc7 28. a4 e5 29. f3 Kf7 30. Ke2 Be7 31. Bc3 Bg5 32. a5 Ke6 33. Bb4 Rc2+
34. Kd1 Rc6 35. Be1 Rd6 36. Kc2 Rxd3 37. Kxd3 Kd5 38. Bf2 a6 39. Bb6 Be7 40.
Ke3 Bc5+ 41. Bxc5 Kxc5 42. Ke4 Kd6 43. g5 b6 44. axb6 a5 45. b7 Kc7 46. Kxe5 a4
47. Kd4 Kxb7 48. f4 a3 49. Kc3 Kc6 50. h4 Kd6 51. f5 gxf5 52. h5 Ke6 53. g6
hxg6 54. h6 Kf7 0-1

[Event "24. Engiadina Open"]
[Site "?"]
[Date "2017.10.09"]
[Round "3.2"]
[White "Fecker, Noah"]
[Black "Vilaseca, Laurent"]
[Result "1-0"]
[ECO "B20"]
[WhiteElo "2195"]
[BlackElo "2092"]
[PlyCount "53"]
[EventDate "2017.??.??"]
[TimeControl "6000+765"]
[WhiteClock "0:20:55"]
[BlackClock "0:18:56"]

1. e4 c5 2. d3 Nc6 3. g3 d6 4. Bg2 e6 5. f4 g6 6. Nf3 Bg7 7. O-O Nge7 8. c3 O-O
9. Be3 Bd7 10. Bf2 Rb8 11. Nbd2 b5 12. d4 c4 13. e5 d5 14. b4 cxb3 15. axb3 a5
16. Ne1 b4 17. c4 Bc8 18. Nc2 dxc4 19. Nxc4 Ba6 20. Re1 Nd5 21. Qd2 Qc7 22.
N2e3 Rfd8 23. Nxd5 exd5 24. Ne3 Ne7 25. Rec1 Qb6 26. Rc5 Bb7 27. Raxa5 1-0

[Event "24. Engiadina Open"]
[Site "?"]
[Date "2017.10.09"]
[Round "3.3"]
[White "Remensberger, Paul"]
[Black "Wyss, Thomas"]
[Result "0-1"]
[ECO "A06"]
[WhiteElo "2111"]
[BlackElo "2251"]
[PlyCount "112"]
[EventDate "2017.??.??"]
[TimeControl "6000+860"]
[WhiteClock "0:41:29"]
[BlackClock "0:14:08"]

1. Nf3 d5 2. g3 Nc6 3. d4 Bf5 4. Bg2 Nb4 5. Na3 c6 6. O-O e6 7. c3 Na6 8. Qb3
Qb6 9. Bf4 h6 10. h4 Nf6 11. Rac1 Be7 12. Nd2 Nh5 13. Be3 O-O 14. c4 Nb8 15.
Bf3 Bg6 16. Kg2 Nd7 17. cxd5 exd5 18. Nc2 Bd6 19. Qxb6 axb6 20. a3 Rfe8 21. g4
Nf4+ 22. Bxf4 Bxf4 23. e3 Bd6 24. Nb1 b5 25. Nc3 Nb6 26. Be2 Nc4 27. Bxc4 bxc4
28. Rfe1 f5 29. gxf5 Bxf5 30. Nb4 Re6 31. Rg1 Rf8 32. Ne2 Be4+ 33. Kf1 Bh2 34.
Rg4 Bf3 35. Rg2 Bxg2+ 36. Kxg2 Rg6+ 37. Kf1 Rf3 38. Rc2 Rgf6 39. Nc3 Bg3 40.
Nd1 Bxh4 41. Rd2 g5 42. Nc2 g4 43. Ne1 R3f5 44. Kg2 Rf7 45. Kg1 h5 46. Ng2 Bg5
47. Re2 h4 48. Ne1 h3 49. e4 dxe4 50. Rxe4 Rf4 51. Re8+ Kg7 52. Ne3 Rxd4 53.
N1c2 Rdf4 54. Re5 Bh4 55. f3 Rxf3 56. Nd4 Rxe3 0-1

[Event "24. Engiadina Open"]
[Site "?"]
[Date "2017.10.09"]
[Round "3.4"]
[White "Frehner, Walter"]
[Black "Hugentobler, Patrik"]
[Result "1-0"]
[ECO "D58"]
[WhiteElo "1914"]
[BlackElo "2171"]
[PlyCount "111"]
[EventDate "2017.??.??"]
[TimeControl "6000+1245"]
[WhiteClock "0:22:49"]
[BlackClock "0:12:31"]

1. d4 Nf6 2. c4 e6 3. Nf3 d5 4. Nc3 Be7 5. Bg5 h6 6. Bh4 O-O 7. e3 b6 8. Bd3
Bb7 9. O-O c5 10. Rc1 Nbd7 11. Re1 Ne4 12. Bxe7 Qxe7 13. Qc2 Nxc3 14. bxc3 e5
15. cxd5 Bxd5 16. e4 Bb7 17. d5 Nf6 18. c4 Ne8 19. a4 Bc8 20. Qc3 f6 21. h3 Nc7
22. a5 Na6 23. Ra1 Bb7 24. Nh4 Rfb8 25. Nf5 Qf8 26. Ra3 Nb4 27. Rea1 g6 28. Ne3
Qd6 29. Nc2 Bc8 30. Rb3 bxa5 31. Rxa5 a6 32. Nxb4 Rxb4 33. Rxb4 cxb4 34. Qa1
Qd8 35. c5 b3 36. Ra3 Qc7 37. c6 Rb8 38. Qb2 Qb6 39. Bc4 Qb4 40. Rxb3 Qe1+ 41.
Kh2 Rxb3 42. Qxb3 Qxf2 43. d6+ Kf8 44. Qf3 Qxf3 45. gxf3 a5 46. Bb5 Kf7 47. Kg3
Ke6 48. d7 Bxd7 49. cxd7 Ke7 50. h4 h5 51. f4 Kd8 52. Kf3 Ke7 53. Ke3 Kd8 54.
fxe5 fxe5 55. Kd3 Ke7 56. Kc4 1-0

[Event "24. Engiadina Open"]
[Site "?"]
[Date "2017.10.09"]
[Round "3.5"]
[White "Reiss, Siegfried"]
[Black "Joller, Hans"]
[Result "0-1"]
[ECO "D00"]
[WhiteElo "2088"]
[BlackElo "1891"]
[PlyCount "72"]
[EventDate "2017.??.??"]
[TimeControl "6000+1760"]
[WhiteClock "0:01:02"]
[BlackClock "0:53:08"]

1. d4 Nf6 2. Nc3 d5 3. e4 dxe4 4. f3 c5 5. d5 e5 6. fxe4 Bg4 7. Nf3 Nbd7 8. Be2
a6 9. a4 Bd6 10. O-O O-O 11. Qe1 Re8 12. Nh4 Bxe2 13. Qxe2 g6 14. Bg5 c4 15. a5
Kg7 16. Rf3 h6 17. Bxf6+ Nxf6 18. Raf1 Be7 19. d6 Qxd6 20. Qf2 Qc6 21. Nd5 Bc5
22. Rxf6 Bxf2+ 23. R1xf2 Re6 24. Rxf7+ Kg8 25. Rc7 Qa4 26. Rff7 Qa1+ 27. Kf2
Rf8 28. Rxf8+ Kxf8 29. Rc8+ Kf7 30. Rc7+ Ke8 31. Rxb7 Kd8 32. Rb8+ Kd7 33. Rb7+
Kc8 34. Rg7 Qd1 35. Nb6+ Kd8 36. Nxg6 Qd2+ {Rf7 Qd6} 0-1

[Event "24. Engiadina Open"]
[Site "?"]
[Date "2017.10.09"]
[Round "3.6"]
[White "Fecker, Jan"]
[Black "Remensberger, Hansueli"]
[Result "1-0"]
[ECO "B00"]
[WhiteElo "1804"]
[BlackElo "2073"]
[PlyCount "191"]
[EventDate "2017.??.??"]
[TimeControl "6000+785"]
[WhiteClock "0:41:19"]
[BlackClock "0:09:42"]

1. e4 d6 2. d4 Nf6 3. Bd3 e5 4. Ne2 Nc6 5. d5 Nb4 6. c4 Bd7 7. Nbc3 Be7 8. Bb1
a5 9. a3 Na6 10. b3 O-O 11. O-O c6 12. Ng3 cxd5 13. exd5 g6 14. Kh1 Nc5 15. Bc2
Ne8 16. Bh6 Ng7 17. f4 exf4 18. Bxf4 Re8 19. Rb1 Bc8 20. b4 axb4 21. axb4 Nd7
22. Nge4 Nf6 23. Bxd6 Nxe4 24. Nxe4 Bxd6 25. Nf6+ Kh8 26. Nxe8 Qxe8 27. c5 Bf8
28. Qf3 Bf5 29. Bxf5 Nxf5 30. Rfe1 Qd7 31. c6 bxc6 32. dxc6 Qc7 33. b5 Rb8 34.
Qc3+ Bg7 35. Qc5 Bd4 36. Qa3 Nd6 37. Qd3 Bg7 38. Rec1 h6 39. b6 Rxb6 40. Rxb6
Qxb6 41. Qxd6 Qe3 42. Rd1 Kh7 43. Qd7 Qf4 44. c7 Be5 45. Qxf7+ Qxf7 46. c8=Q
Bg7 47. Qa6 h5 48. Rf1 Qd5 49. Qe2 Qd4 50. Rd1 Qf4 51. g3 Qf5 52. Kg2 Qc8 53.
Rf1 Qd7 54. h3 Qd5+ 55. Qf3 Qd2+ 56. Rf2 Qd4 57. g4 hxg4 58. hxg4 Qe5 59. Re2
Qb5 60. Rd2 Qa5 61. Qd5 Qxd5+ 62. Rxd5 Kh6 63. Kg3 Bc3 64. Kf3 Bb2 65. Kf4 Bc1+
66. Kg3 Bg5 67. Rb5 Bd2 68. Rb2 Bg5 69. Rh2+ Kg7 70. Kf3 Be7 71. Ke4 Kf6 72.
Rh7 Bd6 73. Ra7 Kg5 74. Kf3 Bb8 75. Rb7 Bd6 76. Rb5+ Kh6 77. Ke4 Bg3 78. Rd5
Bh4 79. Kf4 Bf2 80. Ke4 Bg3 81. Kd3 Bf4 82. Kc4 Be3 83. Kb5 Bf4 84. Kc6 g5 85.
Kd7 Kg6 86. Ke7 Kg7 87. Ke6 Kg6 88. Rd8 Kg7 89. Kf5 Kf7 90. Rd7+ Kf8 91. Kg6
Ke8 92. Rf7 Bd2 93. Rf5 Bc1 94. Rxg5 Bxg5 95. Kxg5 Kf7 96. Kh6 1-0

[Event "24. Engiadina Open"]
[Site "?"]
[Date "2017.10.10"]
[Round "4.1"]
[White "Simon, Ralf-Axel"]
[Black "Fecker, Noah"]
[Result "1-0"]
[ECO "A04"]
[WhiteElo "2214"]
[BlackElo "2195"]
[PlyCount "97"]
[EventDate "2017.??.??"]
[TimeControl "6000+1175"]
[WhiteClock "0:06:17"]
[BlackClock "0:21:12"]

1. Nf3 c5 2. c4 Nc6 3. Nc3 e5 4. g3 g6 5. Bg2 Bg7 6. Rb1 Nge7 7. a3 a5 8. O-O
d6 9. Ne1 Be6 10. Nd5 O-O 11. Nc2 Bxd5 12. cxd5 Nd4 13. Na1 Nb5 14. d3 f5 15.
a4 Nc7 16. e4 Kh8 17. Bd2 b6 18. Nc2 Ne8 19. Na3 h6 20. Nc4 Kh7 21. Qb3 Nc8 22.
Ra1 Ra7 23. Ra3 Rff7 24. Qd1 Nc7 25. Rb3 Na6 26. exf5 gxf5 27. f4 Nb4 28. Qh5
Qf8 29. fxe5 dxe5 30. Bh3 f4 31. Be6 Rf6 32. Nxe5 fxg3 33. Rxf6 gxh2+ 34. Kxh2
Bxf6 35. Qg6+ Kh8 36. Nf7+ Rxf7 37. Bxf7 Qd6+ 38. Kg2 Bg7 39. Be6 Ne7 40. Qe8+
Kh7 41. Bxb4 axb4 42. d4 cxd4 43. Rg3 d3 44. Rxg7+ Kxg7 45. Qf7+ Kh8 46. Qf6+
Kh7 47. Bg8+ Kxg8 48. Qxd6 d2 49. Qe6+ 1-0

[Event "24. Engiadina Open"]
[Site "?"]
[Date "2017.10.10"]
[Round "4.2"]
[White "Wyss, Thomas"]
[Black "Rausch, Stephan"]
[Result "0-1"]
[ECO "C00"]
[WhiteElo "2251"]
[BlackElo "2229"]
[PlyCount "52"]
[EventDate "2017.??.??"]
[TimeControl "6000+915"]
[WhiteClock "0:27:39"]
[BlackClock "1:02:16"]

1. e4 e6 2. d3 d5 3. Nd2 Nf6 4. Ngf3 Nc6 5. c3 a5 6. Be2 Bc5 7. e5 Nd7 8. d4
Bb6 9. Nf1 f6 10. exf6 Nxf6 11. Bf4 O-O 12. Ng3 Ne4 13. Be3 e5 14. Nxe4 dxe4
15. Bc4+ Kh8 16. Ng5 exd4 17. Nxh7 dxe3 18. Nxf8 Qxd1+ 19. Rxd1 Bg4 20. f3 exf3
21. gxf3 Bxf3 22. Rf1 Bxd1 23. Kxd1 Ne5 24. Ng6+ Nxg6 25. Rf5 Rd8+ 26. Ke2 Rd2+
0-1

[Event "24. Engiadina Open"]
[Site "?"]
[Date "2017.10.10"]
[Round "4.3"]
[White "Schunk, Thomas"]
[Black "Eschmann, Patrick"]
[Result "1/2-1/2"]
[ECO "A13"]
[WhiteElo "2111"]
[BlackElo "2160"]
[PlyCount "83"]
[EventDate "2017.??.??"]
[TimeControl "6000+1025"]
[WhiteClock "0:40:38"]
[BlackClock "0:01:07"]

1. c4 e6 2. g3 c5 3. Bg2 Nc6 4. Nf3 Nf6 5. O-O d5 6. b3 Be7 7. Bb2 d4 8. e3 e5
9. exd4 exd4 10. d3 O-O 11. a3 Bf5 12. h3 a5 13. Qc2 Qd7 14. g4 Be6 15. Nbd2
Bd6 16. Rfe1 h5 17. Ng5 hxg4 18. Nde4 Nxe4 19. Nxe6 fxe6 20. Rxe4 gxh3 21. Bxh3
Rf6 22. Rae1 Re8 23. Bc1 Rg6+ 24. Kh1 Qf7 25. Qe2 Nd8 26. Bg4 Rxg4 27. Qxg4
Qxf2 28. Qh3 Rf8 29. Rg1 Qf3+ 30. Qxf3 Rxf3 31. Reg4 Rh3+ 32. Kg2 Rxd3 33. Bh6
Bf8 34. Bxg7 Bxg7 35. Kf2 Kf8 36. Rxg7 Nf7 37. Rh7 Rd2+ 38. Ke1 Rb2 39. Rg3
Rb1+ 40. Kf2 Rb2+ 41. Kf1 Rb1+ {Rgg7 Rb2} 42. Ke2 1/2-1/2

[Event "24. Engiadina Open"]
[Site "?"]
[Date "2017.10.10"]
[Round "4.4"]
[White "Rusconi, Benito"]
[Black "Remensberger, Paul"]
[Result "1/2-1/2"]
[ECO "D01"]
[WhiteElo "1927"]
[BlackElo "2111"]
[PlyCount "43"]
[EventDate "2017.??.??"]
[TimeControl "6000+440"]
[WhiteClock "1:02:45"]
[BlackClock "0:57:25"]

1. d4 Nf6 2. Nc3 d5 3. Bg5 Nbd7 4. Qd3 c6 5. f3 Qa5 6. Bd2 Qc7 7. e4 e5 8. exd5
Nxd5 9. Nxd5 cxd5 10. O-O-O Be7 11. dxe5 Nxe5 12. Qxd5 O-O 13. f4 Ng4 14. Nh3
Be6 15. Qf3 Nf6 16. f5 Rac8 17. Bd3 Bd5 18. Qe2 Rfe8 19. Rhe1 Bd6 20. Qf1 Rxe1
21. Rxe1 Bxh2 22. a3 1/2-1/2

[Event "24. Engiadina Open"]
[Site "?"]
[Date "2017.10.10"]
[Round "4.5"]
[White "Vilaseca, Laurent"]
[Black "Lenninger, Ralf"]
[Result "1-0"]
[ECO "E18"]
[WhiteElo "2092"]
[BlackElo "1915"]
[PlyCount "50"]
[EventDate "2017.??.??"]
[TimeControl "6000+1075"]
[WhiteClock "0:27:46"]
[BlackClock "0:02:43"]

1. d4 Nf6 2. Nf3 e6 3. g3 b6 4. Bg2 Bb7 5. O-O Be7 6. c4 O-O 7. Nc3 d6 8. Qc2
Nbd7 9. e4 Ne8 10. e5 Rc8 11. Ng5 Bxg5 12. Bxg5 Qxg5 13. Bxb7 Rd8 14. f4 Qh6
15. Ne4 g6 16. Bc6 f6 17. d5 dxe5 18. dxe6 Nb8 19. Bd5 Rxd5 20. cxd5 f5 21. Nc3
Nf6 22. Rad1 Na6 23. Qe2 Ng4 24. Rd2 Nc5 25. b4 Ne4 1-0

[Event "24. Engiadina Open"]
[Site "?"]
[Date "2017.10.10"]
[Round "4.6"]
[White "Müller, Werner"]
[Black "Frehner, Walter"]
[Result "1/2-1/2"]
[ECO "C47"]
[WhiteElo "2062"]
[BlackElo "1914"]
[PlyCount "81"]
[EventDate "2017.??.??"]
[TimeControl "6000+1335"]
[WhiteClock "0:02:57"]
[BlackClock "0:31:47"]

1. e4 e5 2. Nf3 Nc6 3. Nc3 Nf6 4. d4 exd4 5. Nd5 d6 6. Nxd4 Be7 7. Nb5 Nxd5 8.
exd5 Ne5 9. Be2 O-O 10. O-O c5 11. dxc6 bxc6 12. Nd4 Qb6 13. Nf3 Nxf3+ 14. Bxf3
Be6 15. b3 d5 16. Be3 Bc5 17. Bxc5 Qxc5 18. Qd2 Rfe8 19. Rfe1 a5 20. h3 h6 21.
Re5 Bd7 22. Rae1 Rxe5 23. Rxe5 Re8 24. Rxe8+ Bxe8 25. c3 Kf8 26. Qd4 Qxd4 27.
cxd4 Ke7 28. a3 Kd6 29. b4 axb4 30. axb4 Bd7 31. Kf1 Kc7 32. Be2 Kb6 33. Ke1
Bc8 34. Kd2 Ba6 35. Bf3 Bf1 36. h4 Kb5 37. Kc3 f6 38. g3 g5 39. Bg4 Ka4 40.
hxg5 hxg5 41. f4 1/2-1/2

[Event "24. Engiadina Open"]
[Site "?"]
[Date "2017.10.12"]
[Round "5.1"]
[White "Rausch, Stephan"]
[Black "Simon, Ralf-Axel"]
[Result "1-0"]
[ECO "D03"]
[WhiteElo "2229"]
[BlackElo "2214"]
[PlyCount "78"]
[EventDate "2017.??.??"]
[TimeControl "6000+1825"]
[WhiteClock "0:19:52"]
[BlackClock "0:00:39"]

1. d4 d5 2. Nf3 Nf6 3. Bg5 Ne4 4. Bf4 c5 5. e3 Qb6 6. Qc1 Nc6 7. c3 Bf5 8. Nbd2
Rc8 9. Nxe4 Bxe4 10. Qd2 f6 11. Be2 g5 12. Bg3 h5 13. h3 Kf7 14. Kf1 e6 15. Kg1
h4 16. Bh2 Be7 17. Rf1 a5 18. Ne1 cxd4 19. exd4 a4 20. a3 Na5 21. f4 gxf4 22.
Bxf4 Nc4 23. Bxc4 Rxc4 24. Rf2 Rcc8 25. Kh2 Ke8 26. Rhf1 Kd7 27. Kh1 Qb5 28.
Bh2 Rcg8 29. Qf4 Qc4 30. Nf3 Qc8 31. Nd2 Bf5 32. c4 Qc6 33. Qf3 Be4 34. Qe2 Bf5
35. Re1 Rg7 36. cxd5 Qxd5 37. Nc4 Ke8 38. Ne3 Qxd4 39. Rxf5 Qd8 1-0